 Dungeon Crawl Stone Soup version 0.26-a0-542-gbaa144ba5c (webtiles) character file.

Game seed: 2851790317682226921

62 Notrik the Skirmisher (level 4, -2/30 HPs)
             Began as a Gargoyle Fighter on Aug 18, 2020.
             Killed by nerve-wracking pain
             ... invoked by an orc priest
              (5 damage)
             ... on level 3 of the Dungeon.
             The game lasted 00:02:18 (1611 turns).

Notrik the Skirmisher (Gargoyle Fighter)            Turns: 1611, Time: 00:02:18

Health: -2/30      AC: 10    Str: 21    XL:     4   Next: 8%
Magic:  4/4        EV:  7    Int:  8    God:
Gold:   113        SH:  9    Dex:  9    Spells: 3/3 levels left

rFire    . . .     SeeInvis .   a - +0 flail
rCold    . . .     Faith    .   c - +0 kite shield
rNeg     + . .     Spirit   .   b - +0 scale mail
rPois    ∞         Reflect  .   (no helmet)
rElec    +         Harm     .   (no cloak)
rCorr    .                      (no gloves)
MR       .....                  (no boots)
Stlth    ..........             (no amulet)
HPRegen  0.10/turn              (no ring)
MPRegen  0.09/turn              (no ring)

@: no status effects
A: negative energy resistance 1, electricity resistance, unbreathing,
petrification resistance, rot immunity, AC +3
a: no special abilities


You were on level 3 of the Dungeon.
You visited 1 branch of the dungeon, and saw 3 of its levels.

You collected 113 gold pieces.

Inventory:

Hand Weapons
 a - a +0 flail (weapon)
Armour
 b - a +0 scale mail (worn)
 c - a +0 kite shield (worn)
Jewellery
 f - an uncursed ring of stealth
   (You found it on level 1 of the Dungeon)
 l - an uncursed ring of protection from cold {unknown}
   (You found it on level 2 of the Dungeon)
Scrolls
 g - 2 scrolls of amnesia
 j - a scroll of enchant weapon {unknown}
Potions
 d - a potion of might
 h - a potion of curing {unknown}
 m - a potion of degeneration {unknown}


   Skills:
 * Level 4.8 Fighting
 + Level 2.8 Maces & Flails
 - Level 3.2 Armour
 - Level 3.2 Shields


You had 3 spell levels left.
You didn't know any spells.
Your spell library was empty.

Dungeon Overview and Level Annotations

Branches:
Dungeon (3/15)

Altars:


Innate Abilities, Weirdness & Mutations

You are resistant to torment.
Your stone body is resilient. (AC +3)
You are immune to poison.
You resist negative energy. (rN+)
You are resistant to electric shocks. (rElec)
You can survive without breathing.
You are immune to petrification.
You are immune to rotting.


Message History

An orc priest comes into view. It is wielding a +0 whip.
The orc shouts!
The orc priest shouts!
The orc barely misses you.
An orc wizard comes into view. It is wielding a +0 dagger.
You see here a hobgoblin corpse.
You closely miss the orc.
The orc wizard shouts!
You block the orc's attack. The orc hits you but does no damage.
You sock the orc!
You kill the orc!
The orc priest mumbles some strange prayers to Beogh against you.
Pain shoots through your body!
You see here a cursed +0 whip.
You closely miss the orc priest.
The orc priest hits you but does no damage.
You hit the orc priest but do no damage.
The orc priest hits you but does no damage.
You closely miss the orc priest.
The orc priest hits you but does no damage.
You block the orc priest's attack.
You hit the orc priest.
The orc wizard casts a spell.
The orc wizard seems to speed up.
You block the orc priest's attack.
You hit the orc priest but do no damage.
The orc priest hits you but does no damage.
You closely miss the orc priest.
The orc priest hits you but does no damage.
You barely miss the orc priest.
The orc priest mumbles some strange prayers to Beogh against you.
Beogh smites you!
Ouch! That really hurt!
* * * LOW HITPOINT WARNING * * *
The orc priest hits you but does no damage.
You hit the orc priest. The orc priest hits you with a +0 whip.
* * * LOW HITPOINT WARNING * * *
You sock the orc priest!
The orc wizard begins to cast a cantrip, but forgets the words!
The orc priest hits you with a +0 whip.
* * * LOW HITPOINT WARNING * * *
The orc priest begins to cast a cantrip, but forgets the words!
The orc wizard casts a spell.
The orc wizard flickers and vanishes!
Deactivating autopickup; reactivate with Ctrl-A.
You see here a ring mail.
The orc priest mumbles some strange prayers to Beogh against you.
Pain shoots through your body!
* * * LOW HITPOINT WARNING * * *
The orc priest invokes the aid of Beogh against you.
Pain shoots through your body!
You die...

### #########
...###.>.....######
.....#.##.......@.#
>..#.#.##.##.####.#
.....)....##.####o####
.......#####.#...[†.†#
.......#####.#.##)##†#
....##.......# #.# .#
....##....(### ..# .#
<..(.......# .... ..
.##.##.....# .#.## .#


You could see an orc priest.

Vanquished Creatures
  An adder (D:2)
  2 worms (D:2)
  2 dart slugs (D:1)
  4 leopard geckos (D:1)
  An orc (D:3)
  A ball python (D:2)
  3 giant cockroaches (D:1)
  3 hobgoblins
  2 jackals (D:3)
  5 kobolds
  2 quokkas (D:2)
  2 bats
  5 frilled lizards
  3 goblins (D:1)
36 creatures vanquished.

Notes
Turn   | Place    | Note
-------+----------+-------------------------------------------
     0 | D:1      | Notrik the Gargoyle Fighter began the quest for the Orb.
     0 | D:1      | Reached XP level 1. HP: 14/14 MP: 1/1
   147 | D:1      | Reached XP level 2. HP: 11/20 MP: 2/2
   380 | D:1      | Reached skill level 4 in Fighting
   546 | D:1      | Reached XP level 3. HP: 24/24 MP: 3/3
  1559 | D:3      | Reached XP level 4. HP: 27/30 MP: 4/4
  1611 | D:3      | Killed from afar by an orc priest

Illustrated notes

Levels and vault maps discovered:
D:1:      dpeg_arrival_simpleton_a, layout_rooms
D:2:      layout_rooms
D:3:      layout_loops_cross, chequers_big_river,
          nicolae_dithmenos_shadow_blocks, uniq_grinder

Skill      XL: |  1  2 |
---------------+-------+-----
Fighting       | 4 |  4.8
Maces & Flails | |  2.8
Armour         | |  3.2
Shields        | |  3.2

Action                   |  1- 3 |  4- 6 || total
-------------------------+-------+-------++-------
Melee: Flail             |   117 |    17 ||   134
  Use: Scroll            |     5 |       ||     5
Armor: Scale mail        |    63 |    13 ||    76
Dodge: Dodged            |    43 |     3 ||    46
Block: Kite shield       |    65 |    10 ||    75

Table legend: (Time is in decaauts)
 A = Elapsed time spent in this place.
 B = Non-inter-level travel time spent in this place.
 C = Inter-level travel time spent in this place.
 D = Time resting spent in this place.
 E = Time spent auto-exploring this place.
 F = Levels seen in this place.
 G = Mean time per level.
                   A        B        C        D        E       F      G
               +--------+--------+--------+--------+--------+-----+--------+
         Total |   1658 |   1616 |     42 |    290 |    987 |   3 |  552.7 |
       Dungeon |   1658 |   1616 |     42 |    290 |    987 |   3 |  552.7 |
               +--------+--------+--------+--------+--------+-----+--------+

Top non-repeatable levels by time:
     D:1: 929 daAuts
     D:2: 636 daAuts
     D:3: 92 daAuts
